 Dungeon Crawl Stone Soup version 0.27.0-1-g7a089689b8 (webtiles) character file.

Game seed: 12073426877292414619

64 GordonOverkill the Sneak (level 3, -5/15 HPs)
             Began as a Felid Necromancer on Aug 3, 2021.
             Killed from afar by Natasha (11 damage)
             ... with a magic dart
             ... on level 2 of the Dungeon.
             The game lasted 00:05:30 (3889 turns).

GordonOverkill the Sneak (Felid Necromancer)        Turns: 3889, Time: 00:05:30

Health: -5/15      AC:  1    Str:  4    XL:     3   Next: 91%
Magic:  3/7        EV: 17    Int: 17    God:
Gold:   56         SH:  0    Dex: 16    Spells: 5/6 levels left
                                        Lives:  0   Deaths: 0

rFire    . . .     SeeInvis +   (weapon unavailable)
rCold    . . .     Faith    .   (shield unavailable)
rNeg     . . .     Spirit   .   (armour unavailable)
rPois    .         Reflect  .   (helmet unavailable)
rElec    .         Harm     .   (cloak unavailable)
rCorr    .         Rampage  .   (gloves unavailable)
Will     .....                  (boots unavailable)
Stlth    +++.......             (no amulet)
HPRegen  0.05/turn              (no ring)
MPRegen  0.10/turn              (no ring)

@: quick
A: very small, claws 1, fangs 3, see invisible, speed 1, shaggy fur 1, stealthy
paws, no weapons or thrown items, no armour, multi-lived
a: no special abilities


You were on level 2 of the Dungeon.
You visited 1 branch of the dungeon, and saw 2 of its levels.

You collected 56 gold pieces.

Inventory:

Jewellery
 b - a ring of protection from cold
Scrolls
 a - a scroll of teleportation
Potions
 c - a potion of haste
 e - a potion of curing {unknown}
 f - a potion of degeneration {unknown}


   Skills:
 + Level 0.7 Fighting
 - Level 2.6 Dodging
 - Level 5.0 Stealth
 * Level 2.4 Spellcasting
 * Level 1.0 Conjurations
 - Level 4.0 Necromancy


You had 5 spell levels left.
You knew the following spells:

 Your Spells              Type           Power      Damage    Failure   Level
a - Pain                  Necr           60%        1d7       3%          1

Your spell library contained the following spells:

 Spells                   Type           Power      Damage    Failure   Level
 Animate Skeleton         Necr           30%        N/A       3%          1
 Vampiric Draining        Necr           7%         2d7       11%         3
 Animate Dead             Necr           7%         N/A       34%         4
 Summon Guardian Golem    Hex/Summ       2%         N/A       50%         3
 Agony                    Necr           15%        N/A       69%         5
 Orb of Destruction       Conj           2%         9d1       100%        7
 Spellforged Servitor     Conj/Summ      1%         N/A       100%        7


Dungeon Overview and Level Annotations

Branches:
Dungeon (2/15)

Altars:

Shops:
D:1 *

Annotations:
D:2 Natasha, Sigmund


Innate Abilities, Weirdness & Mutations

You have sharp claws.
You have razor-sharp teeth.
You have supernaturally acute eyesight. (SInv)
You cover ground quickly. (Speed+)
You are covered in fur. (AC +1)
Your paws help you pounce on unaware monsters.
You are incapable of wielding weapons or throwing items.
You cannot wear armour.
You gain extra lives every three experience levels.


Message History

Sigmund mumbles some strange words.
Sigmund flickers and vanishes for a moment.
There is an open door here.
You close the door.
Unknown command.
Unknown command.
Natasha, Servant of Life and Death comes into view.
Natasha moves out of view.
Unknown command.
Casting: Pain (safe; 3% risk of failure)
Confirm with . or Enter, or press ? or * to list all spells.
Aiming: Pain (safe; 3% risk of failure)
Press: ? - help, Shift-Dir - straight line, f - Natasha
Aim: Natasha (wandering, hasn't noticed you, chance to affect: 73%) Natasha struggles to resist.
Casting: Pain (safe; 3% risk of failure)
Confirm with . or Enter, or press ? or * to list all spells.
Aiming: Pain (safe; 3% risk of failure)
Press: ? - help, Shift-Dir - straight line, f/p - Natasha
Aim: Natasha (chance to affect: 73%) Natasha struggles to resist.
Natasha misses you.
Casting: Pain (safe; 3% risk of failure)
Confirm with . or Enter, or press ? or * to list all spells.
Aiming: Pain (safe; 3% risk of failure)
Press: ? - help, Shift-Dir - straight line, f/p - Natasha
Aim: Natasha (chance to affect: 73%) Natasha struggles to resist.
Natasha claws you.
* * * LOW HITPOINT WARNING * * *
Casting: Pain (safe; 3% risk of failure)
Confirm with . or Enter, or press ? or * to list all spells.
Aiming: Pain (safe; 3% risk of failure)
Press: ? - help, Shift-Dir - straight line, f/p - Natasha
Aim: Natasha (chance to affect: 73%) Natasha struggles to resist.
Natasha misses you.
Natasha howls an incantation.
You feel troubled. Natasha casts a spell at you. The magic dart hits you!
Ouch! That really hurt!
You die...

##.########.#######.# #.# #.#
#.##### #.# #.# #.# #.....# #.#
#.# ##'## #.###.# #.# #.# ##...##
#.###.###.# #.# ##.....##
#.........# ##.# ##.......##
##..###.### ####..#
#.........####...# #.#####.....##
'.........'.....@###.............
#.........####....h..#.###.#...##
##.......## ##..#####.# #.#..##
##.....## ##.# #.# #.#.## ##...##
#.# #.# #.#.# ##'## #.# #.# #.#.#
#.# #.# #.###.#.# #.# #.#
#.......# # ###.###### #.#
#####.###


You could see Natasha.

Vanquished Creatures
  Natasha (D:2)
  A dart slug (D:1)
  6 bats
  2 endoplasms
  2 giant cockroaches (D:1)
  3 goblins
  4 hobgoblins
  2 jackals (D:2)
  3 kobolds
  A quokka (D:2)
  4 ball pythons
  2 frilled lizards
  6 rats
37 creatures vanquished.

Notes
Turn   | Place    | Note
-------+----------+-------------------------------------------
     0 | D:1      | GordonOverkill the Felid Necromancer began the quest for
                  | the Orb.
     0 | D:1      | Reached XP level 1. HP: 7/7 MP: 4/4
   164 | D:1      | Reached skill level 3 in Stealth
   953 | D:1      | Found Jyis's Assorted Antiques.
  1022 | D:1      | Reached skill level 4 in Stealth
  1022 | D:1      | Reached XP level 2. HP: 8/11 MP: 3/6
  1170 | D:1      | Found a faded altar of an unknown god.
  2788 | D:2      | Reached XP level 3. HP: 10/14 MP: 1/7
  3016 | D:2      | Noticed Sigmund
  3714 | D:2      | Noticed Natasha
  3724 | D:2      | Killed Natasha
  3725 | D:2      | Reached skill level 5 in Stealth
  3725 | D:2      | Reached skill level 1 in Conjurations
  3878 | D:2      | Noticed Natasha
  3889 | D:2      | Killed from afar by Natasha

Illustrated notes

Levels and vault maps discovered:
D:1:      dpeg_arrival_prison, layout_loops_corners, serial_shops,
          nicolae_shop_waterfront, shapermc_ecumenical_altar_ellora,
          grunt_decor_arrowhead, minmay_hexomino_f4
D:2:      layout_loops_corners, uniq_natasha, uniq_sigmund

Skill      XL: |  1  2  3 |
---------------+----------+-----
Stealth        | 4 5 |  5.0
Conjurations   | 1 |  1.0
Fighting       | |  0.7
Dodging        | |  2.6
Spellcasting   | |  2.4
Necromancy     | |  4.0

Action                   || total
-------------------------++-------
Melee: Unarmed           ||     1
 Cast: Pain              ||    66
  Use: Scroll            ||     5
 Stab: Sleeping          ||     1
Armor: Skin              ||     2
Dodge: Dodged            ||    26
